Map: Eternal Empire LE

Players

Scarlett

  • Race: Zerg Zerg
  • Spawn Location: 7:00

Astrea - Winner!

  • Race: Protoss Protoss
  • League: Master
  • Spawn Location: 1:00

Event: DreamHack SC2 Masters 2020 Fall

VOD

Have the link to the VOD?

Description

Time

  • Played on: Sept. 9, 2020, 8:37 p.m.
  • Length: 13:27

All games in this series

Show
View Real Time Build Order
Export as new Build Order

Scarlett Zerg 

Build Orders: Hatch First, Lurkers 

Get SALT Encoding   

  12  0:00  Drone  
  13  0:12  Overlord  
  13  0:16  Drone  
  14  0:30  Drone x2  
  16  0:40  Drone  
  17  0:51  Hatchery  
  17  0:55  Drone  
  17  0:58  Drone  
  18  1:10  Extractor  
  17  1:12  Spawning Pool  
  17  1:16  Drone  
  17  1:19  Drone  
  18  1:28  Drone  
  19  1:38  Drone  
  20  1:49  Overlord  
  20  1:59  Queen  
  22  2:02  Queen  
  22  2:04  Drone, Zergling x2  
  26  2:09  Metabolic Boost  
  26  2:11  Drone  
  27  2:16  Drone  
  28  2:23  Drone  
  28  2:25  Drone  
  30  2:32  Drone  
  31  2:38  Drone  
  31  2:42  Hatchery  
  31  2:44  Zergling x2  
  31  2:47  Drone  
  33  2:53  Overlord  
  33  2:56  Queen  
  35  2:59  Drone  
  36  3:13  Drone x2  
  36  3:14  Drone x3  
  36  3:17  Drone  
  42  3:20  Queen  
  42  3:27  Overlord  
  44  3:34  Overlord  
  44  3:38  Queen, Spore Crawler x2  
  44  3:43  Overlord  
  44  3:46  Drone x2  
  44  3:47  Drone  
  47  3:49  Drone  
  48  3:55  Drone x2  
  48  3:56  Drone  
  48  4:00  Queen  
  53  4:09  Drone  
  54  4:10  Drone x2  
  54  4:11  Drone x2  
  54  4:12  Drone  
  57  4:19  Drone x3, Overlord  
  60  4:27  Lair, Overlord  
  60  4:29  Drone  
  61  4:32  Evolution Chamber  
  61  4:34  Drone x2  
  62  4:38  Drone  
  62  4:39  Drone x2  
  62  4:43  Drone x4  
  69  4:47  Extractor  
  69  4:48  Extractor  
  69  4:49  Baneling Nest  
  69  4:51  Drone x2  
  68  4:53  Drone x3  
  68  4:59  Drone  
  72  5:00  Drone x2  
  74  5:08  Overlord  
  74  5:10  Drone x3  
  74  5:14  Extractor, Zergling x10  
  76  5:16  Extractor, Zerg Melee Weapons Level 1  
  76  5:19  Overlord  
  78  5:23  Drone x2  
  78  5:24  Drone x2  
  78  5:27  Hydralisk Den, Overlord  
  81  5:29  Spore Crawler  
  81  5:32  Overlord  
  80  5:36  Overlord x2  
  80  5:37  Centrifical Hooks  
  80  5:42  Drone x3  
  76  5:51  Drone x6  
  76  5:54  Zergling x4  
  83  6:00  Muscular Augments  
  83  6:07  Hydralisk x6  
  83  6:10  Extractor  
  93  6:16  Overseer  
  93  6:18  Drone  
  93  6:19  Drone x3  
  93  6:23  Drone  
  97  6:25  Drone  
  97  6:26  Drone  
  97  6:29  Hatchery  
  97  6:37  Hydralisk x5  
  107  6:42  Hydralisk x2  
  107  6:46  Drone x2  
  113  6:53  Drone  
  113  6:54  Hydralisk x5  
  124  7:05  Evolution Chamber  
  124  7:08  Hatchery  
  122  7:12  Infestation Pit  
  122  7:15  Zerg Melee Weapons Level 2  
  121  7:23  Drone, Hatchery  
  121  7:24  Drone x7, Unknown  
  121  7:25  Drone  
  127  7:30  Hydralisk  
  127  7:33  Overlord x3  
  127  7:36  Overlord  
  129  7:38  Zerg Missile Weapons Level 1  
  129  7:42  Overlord x2  
  129  8:01  Hydralisk x8  
  144  8:07  Hive  
  144  8:11  Lurker Den  
  143  8:18  Spore Crawler  
  143  8:19  Drone x3  
  149  8:20  Drone x6  
  150  8:32  Pathogen Glands  
  150  8:34  Drone, Hydralisk x4  
  157  8:41  Hydralisk x3  
  162  8:50  Drone x6  
  162  8:54  Overseer  
  146  9:16  Grooved Spines  
  138  9:19  Hydralisk  
  138  9:20  Hydralisk x14  
  138  9:23  Zergling x4  
  160  9:30  Viper x2  
  165  9:37  Drone x9  
  173  9:41  Zerg Missile Weapons Level 2  
  173  9:42  Extractor  
  173  9:45  Extractor  
  171  9:47  Zerg Melee Weapons Level 3  
  171  9:48  Drone  
  172  9:59  Adrenal Glands, Hatchery  
  171  10:03  Drone x2  
  171  10:04  Spore Crawler x2  
  171  10:08  Zergling x10  
  171  10:11  Overlord  
  176  10:16  Unknown  
  176  10:17  Viper x2  
  176  10:18  Overlord x2  
  181  10:22  Spore Crawler  
  181  10:26  Overlord  
  180  10:28  Spire  
  178  10:39  Viper x2  
  181  10:44  Spore Crawler  
  181  10:47  Zergling x36  
  196  11:02  Spire  
  195  11:06  Hatchery  
  190  11:31  Viper  
  190  11:32  Viper x5  
  180  11:40  Drone x4  
  184  11:49  Drone  
  184  11:50  Drone x8  
  184  11:52  Lurker x5  
  198  11:58  Unknown  
  197  12:06  Drone  
  197  12:07  Drone x2  
  200  12:12  Spore Crawler x2  
  200  12:14  Spore Crawler  
  200  12:15  Spore Crawler  
  196  12:16  Spore Crawler x2  
  196  12:17  Spore Crawler  
  196  12:20  Drone x7  
  196  12:22  Spore Crawler  
  199  12:23  Spore Crawler x2  
  199  12:24  Spore Crawler  
  193  12:36  Corruptor x3  
  198  12:38  Pneumatized Carapace, Overlord  
  198  12:40  Overseer  
  198  12:50  Drone x2  
  200  12:55  Spore Crawler  
  199  13:03  Hatchery  
Show
View Real Time Build Order
Export as new Build Order

Astrea Protoss - Winner!

Build Orders: 1 Gate Expand, Oracle Opening, Carriers 

Get SALT Encoding   

  12  0:00  Probe  
  13  0:12  Probe  
  14  0:20  Pylon  
  14  0:24  Probe  
  15  0:38  Probe (Chrono Boost)  
  16  0:44  Gateway  
  16  0:47  Probe (Chrono Boost)  
  16  0:49  Assimilator  
  17  0:52  Probe  
  18  1:04  Probe  
  19  1:17  Probe  
  20  1:27  Nexus  
  20  1:38  Cybernetics Core  
  20  1:42  Probe  
  20  1:47  Assimilator  
  21  1:54  Probe  
  21  1:57  Pylon  
  22  2:06  Probe  
  23  2:12  Adept (Chrono Boost)  
  23  2:14  Probe  
  25  2:21  Stargate  
  25  2:22  Probe  
  26  2:29  Warp Gate  
  27  2:35  Probe (Chrono Boost)  
  28  2:37  Adept  
  28  2:40  Probe (Chrono Boost)  
  31  2:50  Probe x2 (Chrono Boost)  
  33  2:55  Probe (Chrono Boost)  
  33  2:57  Probe  
  35  3:06  Oracle (Chrono Boost)  
  35  3:07  Probe  
  40  3:12  Probe  
  40  3:17  Pylon  
  40  3:19  Probe  
  41  3:24  Gateway, Probe  
  42  3:29  Void Ray (Chrono Boost)  
  42  3:31  Probe  
  43  3:39  Probe  
  48  3:43  Probe  
  49  3:51  Probe, Pylon  
  49  3:55  Probe  
  51  3:59  Nexus  
  51  4:03  Probe  
  51  4:07  Oracle (Chrono Boost)  
  55  4:10  Probe  
  55  4:16  Probe  
  57  4:17  Assimilator  
  57  4:18  Assimilator  
  57  4:23  Pylon, Probe  
  58  4:24  Adept  
  58  4:27  Shield Battery  
  58  4:28  Probe  
  61  4:32  Pylon  
  61  4:35  Probe  
  62  4:38  Void Ray  
  62  4:41  Probe  
  67  4:47  Adept, Probe  
  67  4:50  Pylon  
  70  4:55  Probe  
  70  4:59  Probe (Chrono Boost)  
  72  5:09  Pylon  
  72  5:11  Adept x2, Probe (Chrono Boost)  
  72  5:12  Probe (Chrono Boost)  
  79  5:17  Protoss Air Weapons Level 1  
  79  5:19  Probe x2 (Chrono Boost)  
  79  5:20  Void Ray  
  81  5:21  Probe (Chrono Boost)  
  81  5:26  Probe  
  86  5:29  Probe  
  86  5:32  Probe  
  86  5:35  Fleet Beacon  
  88  5:40  Probe  
  88  5:41  Probe  
  90  5:44  Probe  
  90  5:46  Stargate  
  89  5:52  Probe  
  89  5:53  Probe  
  89  5:56  Probe  
  90  5:59  Void Ray (Chrono Boost)  
  90  6:00  Assimilator  
  92  6:04  Probe  
  92  6:06  Probe  
  92  6:08  Probe  
  93  6:12  Cybernetics Core  
  93  6:13  Stargate  
  93  6:14  Assimilator  
  93  6:16  Unknown, Probe  
  93  6:17  Adept x2  
  97  6:20  Probe  
  98  6:31  Void Ray (Chrono Boost)  
  98  6:32  Gateway  
  97  6:33  Forge  
  101  6:44  Void Ray (Chrono Boost)  
  101  6:46  Pylon  
  102  6:54  Pylon  
  102  6:55  Carrier (Chrono Boost)  
  102  6:57  Pylon  
  102  7:00  Nexus  
  108  7:05  Pylon x2  
  108  7:19  Gateway  
  108  7:20  Shield Battery, Photon Cannon  
  108  7:24  Photon Cannon  
  108  7:25  Shield Battery, Probe x3  
  108  7:27  Protoss Air Weapons Level 2 (Chrono Boost)  
  111  7:36  Carrier (Chrono Boost)  
  117  7:41  Probe  
  117  7:42  Probe, Carrier (Chrono Boost)  
  126  7:51  Shield Battery  
  125  7:52  Photon Cannon  
  125  7:53  Shield Battery  
  125  7:58  Sentry, Stalker x2  
  130  8:10  Photon Cannon x2  
  130  8:11  Photon Cannon  
  130  8:12  Pylon x2  
  130  8:30  Carrier, Tempest  
  130  8:32  Sentry, Stalker x3  
  148  8:37  Photon Cannon  
  148  8:39  Shield Battery  
  148  8:40  Pylon  
  148  8:57  Pylon  
  148  8:59  Pylon  
  152  9:03  Zealot x3  
  152  9:08  Void Ray  
  152  9:16  Carrier (Chrono Boost)  
  153  9:37  Twilight Council  
  151  9:39  Carrier (Chrono Boost)  
  157  9:47  Nexus  
  157  9:49  Pylon, Carrier (Chrono Boost)  
  157  9:50  Pylon  
  163  10:14  Protoss Air Weapons Level 3 (Chrono Boost), Carrier (Chrono Boost)  
  169  10:23  Probe  
  169  10:24  Probe x2  
  169  10:26  Photon Cannon  
  169  10:27  Charge (Chrono Boost), Photon Cannon  
  172  10:29  Shield Battery  
  172  10:31  Assimilator  
  172  10:33  Carrier (Chrono Boost)  
  172  10:45  Probe  
  172  10:48  Probe  
  174  10:50  Carrier (Chrono Boost)  
  174  10:51  Robotics Facility  
  180  11:02  Assimilator  
  180  11:17  Templar Archives  
  174  11:20  Gateway x2  
  174  11:22  Gateway x2  
  170  11:33  Tempest x2  
  164  11:46  Observer  
  165  11:52  Photon Cannon  
  165  11:54  Psionic Storm  
  170  11:55  Photon Cannon  
  170  11:58  Pylon  
  170  12:00  Nexus  
  170  12:11  Warp Prism, Pylon  
  170  12:13  Zealot, Unknown  
  170  12:14  High Templar x4  
  170  12:15  Void Ray x2  
  185  12:34  Photon Cannon  
  185  12:46  Zealot x7  
  173  13:15  Zealot x5  
  175  13:20  Zealot x3  

Tags
 
Add a new tag
Caveats
  • Supply blocks, unpowered buildings, or Contaminate may cause inaccurate times.
  • Supply counts are checked every 10 seconds.